 Dungeon Crawl Stone Soup version 0.19.0-19-g8c6edcc (webtiles) character file.

198 KarmaPolice the Charmwright (level 5, -8/40 HPs)
             Began as a Vampire Skald on Nov 13, 2016.
             Killed by divine providence
             ... invoked by an orc priest
              (13 damage)
             ... on level 3 of the Dungeon.
             The game lasted 00:08:28 (6322 turns).

KarmaPolice the Charmwright (Vampire Skald)         Turns: 6322, Time: 00:08:29

Health: -8/40      AC:  4    Str: 11    XL:     5   Next: 47%
Magic:  3/9        EV: 11    Int: 14    God:
Gold:   136        SH:  0    Dex: 15    Spells: 4 memorised, 2 levels left

rFire  . . .     SeeInvis +     a - +0 falchion
rCold  . . .     Gourm    .     b - +0 leather armour
rNeg   + . .     Faith    .     (no shield)
rPois  .         Spirit   .     (no helmet)
rElec  .         Reflect  .     v - +0 cloak
rCorr  .         Harm     .     (no gloves)
MR     .....                    (no boots)
Stlth  +.........               (no amulet)
                                (no ring)
                                (no ring)

@: infused (expiring), singing
A: fangs 3, see invisible, unbreathing
a: Bat Form, Stop Singing


You were on level 3 of the Dungeon.
You were not thirsty.

You visited 1 branch of the dungeon, and saw 3 of its levels.

You collected 136 gold pieces.

Inventory:

Hand Weapons
 a - a +0 falchion (weapon)
 q - a +2 dagger of venom
Armour
 b - a +0 leather armour (worn)
 v - a +0 cloak (worn)
Jewellery
 e - a +4 ring of protection {unknown}
 r - a +3 ring of intelligence {unknown}
 t - an uncursed ring of protection from fire {unknown}
 w - an uncursed ring of poison resistance {unknown}
Wands
 u - a wand of flame (9/48)
Scrolls
 d - 2 scrolls of enchant armour {unknown}
 f - a scroll of recharging {unknown}
 g - a scroll of fear {unknown}
 i - 2 scrolls of identify {unknown}
 j - 2 scrolls of random uselessness {unknown}
 k - a scroll of enchant weapon {unknown}
 m - 2 scrolls of immolation {unknown}
 p - a scroll of teleportation {unknown}
 x - a scroll of magic mapping {unknown}
Potions
 h - a potion of haste {unknown}
 l - a potion of might {unknown}
 n - a potion of invisibility {unknown}
 o - a potion of brilliance
 s - a potion of flight {unknown}
 z - 4 potions of blood
 A - a potion of heal wounds
 B - a potion of curing {unknown}
Books
 c - a book of Battle

   Spells                             Type                      Level
   a - Infusion                       Charms                       1
   b - Shroud of Golubria             Charms/Translocation         2
   c - Song of Slaying                Charms                       2
   d - Spectral Weapon                Hexes/Charms                 3
   e - Regeneration                   Charms/Necromancy            3


   Skills:
 + Level 2.8 Fighting
 + Level 3.2 Long Blades
 - Level 0.7 Armour
 - Level 1.1 Dodging
 - Level 3.0 Spellcasting
 + Level 4.7 Charms
 + Level 0.4 Necromancy


You had 2 spell levels left.
You knew the following spells:

 Your Spells              Type           Power        Failure   Level  Hunger
a - Infusion              Chrm           ###.         4%          1    #......
b - Shroud of Golubria    Chrm/Tloc      #.........   17%         2    ##.....
c - Song of Slaying       Chrm           ###.....     8%          2    ##.....
d - Regeneration          Chrm/Necr      #.........   34%         3    ###....


Dungeon Overview and Level Annotations

Branches:
Dungeon (3/15)

Altars:
Nemelex Xobeh


Innate Abilities, Weirdness & Mutations

You have razor-sharp teeth.
You have supernaturally acute eyesight. (SInv)
You can survive without breathing.


Message History

The orc priest hits you with a flail.
* * * LOW HITPOINT WARNING * * *
The orc hits you but does no damage.
Unknown command.
You hit the orc priest but do no damage.
The orc priest is severely wounded.
Your magical infusion is running out.
The orc priest hits you with a flail.
* * * LOW HITPOINT WARNING * * *
The orc barely misses you.
You barely miss the orc priest.
The orc priest is severely wounded.
The orc completely misses you. The orc priest hits you with a flail.
* * * LOW HITPOINT WARNING * * *
You hit the orc priest.
The orc priest is almost dead.
The orc misses you.
The orc priest calls down the wrath of Beogh upon you.
Beogh smites you!
You die...

###..##.# #########.##.#.#
#.##.##o# #.#............#.####
'..#.##o# #......######.......#
#.##.##.# ######.# #.##.##.#
###..#o.# ##(## #.##.....
#...##o## ##..(## #.#####..
#.####.### ##(....## #.#####..
..# #o#.## ##o......###........
.#####.o..####..@......####...##.
.............[..o......'.......#.
###.##....####.........####......
#.##.#..# ##.......## ##.####
#.##.##.# ##.....## #.# #.#..##.#
##...## #.# #.#.###.# ##'## #.#
#.#.###.# #.# #.# #.).....# #.#
#.#


You could see an orc priest and an orc.

Vanquished Creatures
  2 orc wizards (D:2)
  6 adders
  2 worms
  10 orcs
  4 bats
  2 giant cockroaches
  16 goblins
  10 hobgoblins
  5 jackals
  A quokka (D:2)
  5 frilled lizards
  8 kobolds
  6 rats
77 creatures vanquished.

Notes
Turn   | Place    | Note
-------+----------+-------------------------------------------
     0 | D:1      | KarmaPolice the Vampire Skald began the quest for the Orb.
     0 | D:1      | Reached XP level 1. HP: 16/16 MP: 3/3
   321 | D:1      | Reached XP level 2. HP: 22/22 MP: 5/5
   328 | D:1      | Learned a level 2 spell: Shroud of Golubria
   331 | D:1      | Learned a level 2 spell: Song of Slaying
  1349 | D:2      | Reached XP level 3. HP: 22/27 MP: 2/6
  1508 | D:2      | Found a sparkling altar of Nemelex Xobeh.
  1643 | D:1      | HP: 1/27 [poisoned by an adder]
  2354 | D:2      | Reached skill level 4 in Charms
  2666 | D:3      | Reached XP level 4. HP: 19/34 MP: 0/8
  3287 | D:3      | Learned a level 3 spell: Regeneration
  4903 | D:3      | Reached XP level 5. HP: 36/39 MP: 9/9
  6322 | D:3      | Killed from afar by an orc priest

Skill      XL: |  1  2  3  4  5 |
---------------+----------------+-----
Fighting       | 2 |  2.8
Charms         | 4 |  4.7
Long Blades    | 3 |  3.2
Spellcasting   | 3 |  3.0
Armour         | |  0.7
Dodging        | |  1.1
Necromancy     | |  0.4

Action                   |  1- 3 |  4- 6 || total
-------------------------+-------+-------++-------
Melee: Falchion          |   111 |   162 ||   273
       Bite              |     8 |    10 ||    18
 Cast: Infusion          |     5 |    12 ||    17
       Song of Slaying   |     2 |     8 ||    10
       Shroud of Golubri |     1 |     5 ||     6
 Abil: End Transformatio |       |     2 ||     2
       Bat Form          |       |     2 ||     2
  Use: Potion            |     3 |     8 ||    11
 Stab: Sleeping          |     2 |     3 ||     5
  Eat: Corpse            |     2 |     3 ||     5
Armor: Leather armour    |    35 |    41 ||    76
Dodge: Dodged            |    61 |   115 ||   176
       Rpst.: Falchion   |    18 |    33 ||    51
